 Dungeon Crawl Stone Soup version 0.31-a0-700-gf13585253f (webtiles) character file.

Game seed: 13473629796933632659

25972 Dirtsage the Grappler (level 12, -6/120 HPs)
             Began as a Troll Shapeshifter on Sept 7, 2023.
             Was a Follower of Uskayaw.
             Engulfed by an ice statue's freezing vapour (11 damage)
             ... in an ice cave on Sept 8, 2023.
             The game lasted 00:36:06 (10008 turns).

Dirtsage the Grappler (Troll Shapeshifter)         Turns: 10008, Time: 00:36:06

Health: -6/120     AC:  5    Str: 25    XL:     12   Next: 94%
Magic:  11/17      EV:  9    Int:  8    God:    Uskayaw [*.....]
Gold:   731        SH: 12    Dex: 17    Spells: 11/11 levels left

rFire   + .          .
                       - Unarmed
rCold   + . .        F - +1 kite shield {rF+}
rNeg    . . .        L - +1 robe {rC+}
rPois   +            (helmet currently unavailable)
rElec   .            j - melded +2 cloak {Will+}
rCorr   .            (gloves unavailable)
SInv    .            (boots unavailable)
Will    .....        r - dreamdust necklace {Acrobat}
Stlth   ++           H - +6 ring of dexterity
HPRegen 1.20/turn    P - ring of poison resistance
MPRegen 0.15/turn

%: acrobat
@: beast-form, studying Maces & Flails
A: beast (slay +4), large, unfitting armour, claws 3, regeneration 1, shaggy fur
1, tough skin 1
a: Begin Untransformation, Renounce Religion, Stomp


You were in an ice cave.
You worshipped Uskayaw.
Uskayaw was aware of your devotion.
You were a hulking beast.
You visited 3 branches of the dungeon, and saw 13 of its levels.
You also visited: Sewer, Ice Cave and Volcano.

You collected 1159 gold pieces.
You spent 428 gold pieces at shops.

Inventory:

Missiles
 a - a curare-tipped dart
 b - 3 throwing nets
Armour
 j - a +2 cloak of willpower (melded)
 z - +0 acid dragon scales
 F - a +1 kite shield of fire resistance (worn)
 I - a +0 hat
 L - a +1 robe of cold resistance (worn)
Jewellery
 o - an amulet of the acrobat
 r - the dreamdust necklace (around neck) {Acrobat}
   (You found it on level 1 of the Lair of Beasts)

   [amulet of the acrobat]

   Acrobat:   It increases your evasion while moving and waiting.
 C - a ring of resist corrosion
 H - a +6 ring of dexterity (left claw)
 N - a ring of positive energy
 P - a ring of poison resistance (right claw)
Talismans
 s - a flux talisman
 G - a beast talisman (active)
Wands
 c - a wand of mindburst (12)
 y - a wand of polymorph (13)
 E - a wand of paralysis (8)
Scrolls
 g - 4 scrolls of fear
 h - 3 scrolls of brand weapon
 k - 3 scrolls of butterflies
 p - 2 scrolls of immolation
 t - 6 scrolls of teleportation
 v - 2 scrolls of enchant weapon
 A - 2 scrolls of enchant armour
 J - a scroll of fog
 K - a scroll of noise {unknown}
Potions
 d - a potion of might
 e - 5 potions of enlightenment
 f - 2 potions of brilliance {unknown}
 i - 2 potions of attraction {unknown}
 m - a potion of ambrosia {unknown}
 n - a potion of resistance
 q - 2 potions of curing
 u - a potion of haste {unknown}
 w - a potion of invisibility {unknown}
 x - 3 potions of magic
 D - 2 potions of mutation {unknown}


   Skills:
 + Level 8.2 Fighting
 - Level 1.5 Dodging
 * Level 7.7 Shields
 + Level 12.7 Unarmed Combat
 * Level 8.3 Invocations
 + Level 9.4 Shapeshifting


You had 11 spell levels left.
You didn't know any spells.
Your spell library contained the following spells:

 Spells                   Type           Power      Damage    Failure   Level
 Magic Dart               Conj           0%         1d3       63%         1
 Blink                    Tloc           0%         N/A       77%         2
 Cigotuvi's Dreadful Rot  Necr/Pois/Air  0%         N/A       77%         2
 Ensorcelled Hibernation  Hex/Ice        0%         N/A       77%         2
 Lesser Beckoning         Tloc           0%         N/A       77%         2
 Momentum Strike          Conj/Tloc      0%         3d8       77%         2
 Passwall                 Tmut/Erth      0%         N/A       77%         2
 Searing Ray              Conj           0%         2d4       77%         2
 Call Canine Familiar     Summ           0%         N/A       94%         3
 Dazzling Flash           Conj/Hex       0%         N/A       94%         3
 Ignite Poison            Fire/Tmut/Pois 0%         N/A       94%         3
 Sigil of Binding         Hex            0%         N/A       94%         3
 Swiftness                Air            0%         N/A       94%         3
 Volatile Blastmotes      Fire/Tloc      0%         2d10      94%         3
 Animate Armour           Summ/Erth      0%         N/A       100%        4
 Dimensional Bullseye     Hex/Tloc       0%         N/A       100%        4
 Fulminant Prism          Conj/Hex       0%         3d5       100%        4
 Iskenderun's Mystic Bla  Conj/Tloc      0%         2d3       100%        4
 Leda's Liquefaction      Hex/Erth       0%         N/A       100%        4
 Summon Lightning Spire   Summ/Air       0%         N/A       100%        4
 Freezing Cloud           Conj/Ice/Air   0%         6-21      100%        5
 Lee's Rapid Deconstruct  Erth           0%         3d4*      100%        5
 Starburst                Conj/Fire      0%         6d3       100%        6
 Maxwell's Capacitive Co  Air            0%         ∞         100%        8


Dungeon Overview and Level Annotations

Branches:
Dungeon (10/15)            Temple (1/1) D:4            Lair (2/5) D:10
  Sewer (visited)           IceCv (1/1)             Volcano (visited)
  Swamp: Lair:2-3    Shoals: Lair:2-3     Snake: Lair:2-3    Spider: Lair:2-3
    Orc: D:9-12

Altars:
Ashenzari
Cheibriados
Dithmenos
Elyvilon
Fedhas
Gozag
Hepliaklqana
Kikubaaqudgha
Makhleb
Nemelex Xobeh
Okawaru
Qazlal
Ru
Sif Muna
Trog
Uskayaw
Vehumet
Wu Jian
Xom
Yredelemnul
Zin
The Shining One

Shops:
D:3 =*=   D:5 ?   D:7 [

Annotations:
IceCv 1 transporter, exclusion: 2 ice statues


Innate Abilities, Weirdness & Mutations

You are a hulking beast.
Your limbs bulge with bestial killing power. (Slay +4)
You are too large for most types of armour.
You have claws for hands.
Your natural rate of healing is unusually fast.
You are covered in fur. (AC +1)
You have tough skin. (AC +1)


Message History

The ice beast freezes you! You resist.
* * * LOW HITPOINT WARNING * * *
The ice statue glitters chillingly in the dim dungeon light.
The ice statue gestures at you.
You can now pass through a line of other dancers.
You take 9 damage, and have 3/120 hp.
Aiming: Line Pass
Press: ? - help, Dir - move target, f - you
Okay, then.
Aiming: Line Pass
Press: ? - help, Dir - move target The ice statue appears confused. x2
You can no longer pass through a line of other dancers.
You are engulfed in freezing vapours.
You resist.
Your necklace shatters, unleashing a wave of protective dreams!
You dream of life, friendship, and clouds.
The ice beast hits your death yak simulacrum.
The ice beast freezes your death yak simulacrum.
Your death yak simulacrum completely resists.
The ice beast hits your death yak simulacrum.
The ice beast freezes your death yak simulacrum.
Your death yak simulacrum completely resists.
The ice beast hits you but does no damage.
You block the ice beast's attack.
You take 1 damage, and have 2/120 hp.
You now have 11/17 mp.
You feel better.
You are engulfed in freezing vapours.
You resist.
* * * LOW HITPOINT WARNING * * *
The ice beast hits your death yak simulacrum but does no damage.
The ice beast hits your elephant simulacrum.
The ice beast freezes your elephant simulacrum.
Your elephant simulacrum completely resists.
The ice beast completely misses your death yak simulacrum.
You block the ice beast's attack. The ice beast closely misses you.
You regained 3 hp, and now have 5/120 hp.
You strike the helpless ice statue from behind!
You mangle the ice statue!!
The ice statue is almost destroyed.
You are engulfed in freezing vapours.
You resist.
You die...

##.....[.....##
#.....©.....#
##...8©8...##
###########
##8..©..8##
#8....†..8##
#8.....☼☼°.8##
#.....Y|ZYYYY.#
#∩..8.YZ☼h8Z.©#
###############


You could see 2 ice statues, 6 ice beasts, a friendly seven-headed hydra
simulacrum (summoned), a friendly death yak simulacrum (summoned) and a friendly
elephant simulacrum (summoned).

Vanquished Creatures
  Gastronok (D:10)
  Fannar (Lair:2)
  Harold (D:9)
  2 centaur warriors (D:9)
  A tengu warrior (D:9)
  A death yak (Lair:2)
  The ghost of kaychamo the Fighter, a novice DjSh of Hepliaklqana (D:9)
  2 skeletal warriors (Volcano)
  An anaconda skeleton (Volcano)
  2 ugly things (IceCv)
  2 alligator skeletons (Volcano)
  Maurice (D:9)
  A black mamba (Lair:1)
  Maggie (D:9)
  A torpor snail (Lair:2)
  4 gargoyles (Volcano)
  An unseen horror (D:9)
  4 cane toads
  2 komodo dragons (Lair:1)
  2 ice devils (Lair:2)
  A meliai (D:9)
  Prince Ribbit (D:9)
  2 hornets
  2 harpy skeletons (Volcano)
  Sigmund (D:2)
  2 flying skulls (Volcano)
  A ynoxinul (D:9)
  A shadow (D:10)
  5 wyverns
  2 basilisks
  A fire elemental (D:10)
  Grum (Lair:1)
  12 yaks
  4 fire bats (D:10)
  A death yak simulacrum (IceCv)
  2 vampire mosquitoes (D:10)
  A hell hound (D:10)
  An acid dragon (D:8)
  7 water moccasins
  6 black bears
  3 orc warriors
  3 centaurs
  2 sky beasts (D:8)
  3 ogres
  19 wolves
  2 phantoms
  4 kobold brigands
  5 bullfrogs
  3 scorpions
  A gnoll sergeant (D:8)
  A cane toad simulacrum (IceCv)
  4 wights (D:7)
  8 killer bees
  5 howler monkeys
  4 spriggan skeletons (Volcano)
  4 hounds
  2 lava snakes (D:10)
  8 orc priests
  A jelly (D:7)
  Crazy Yiuf (D:7)
  A sleepcap (D:6)
  2 iguanas
  Terence (D:2)
  4 orc wizards
  A hell rat (Sewer)
  A polar bear simulacrum (IceCv)
  A wolf simulacrum (IceCv)
  2 naga skeletons (Volcano)
  7 gnolls
  11 adders
  3 river rats
  3 shadow imps
  2 white imps
  2 ufetubi
  3 worms
  4 dart slugs
  36 orcs
  4 endoplasms
  3 giant cockroaches
  7 hobgoblins
  25 jackals
  25 kobolds
  6 quokkas
  8 ball pythons
  7 bats
  4 frilled lizards
  11 goblins
  12 rats
365 creatures vanquished.

Notes
Turn   | Place    | Note
-------+----------+-------------------------------------------
     0 | D:1      | Dirtsage the Troll Shapeshifter began the quest for the
                  | Orb.
     0 | D:1      | Reached XP level 1. HP: 18/18 MP: 0/0
    56 | D:1      | Reached skill level 1 in Fighting
    58 | D:1      | Reached XP level 2. HP: 25/27 MP: 1/1
   195 | D:1      | Found a faded altar of an unknown god.
   257 | D:1      | Reached XP level 3. HP: 28/33 MP: 2/2
   613 | D:2      | Reached skill level 4 in Unarmed Combat
   680 | D:2      | Reached XP level 4. HP: 38/41 MP: 3/3
   752 | D:2      | Noticed Sigmund
   771 | D:2      | Killed Sigmund
   772 | D:2      | Reached skill level 5 in Unarmed Combat
   772 | D:2      | Reached XP level 5. HP: 26/50 MP: 4/4
   916 | D:2      | Noticed Terence
   925 | D:2      | Killed Terence
   926 | D:2      | Reached XP level 6. HP: 41/59 MP: 5/5
  1358 | D:3      | Found a shimmering blue altar of Sif Muna.
  1454 | D:3      | Reached skill level 6 in Unarmed Combat
  1475 | D:3      | Found Perufil's General Store.
  1501 | D:3      | Bought a potion of lignification for 30 gold pieces
  1501 | D:3      | Bought a scroll of identify for 20 gold pieces
  1501 | D:3      | Bought a scroll of identify for 20 gold pieces
  1501 | D:3      | Bought a scroll of immolation for 40 gold pieces
  1530 | D:3      | Found Jiexar's Jewellery Boutique.
  1534 | D:3      | Found a glowing golden altar of the Shining One.
  1566 | D:3      | Found Tucom's Jewellery Shoppe.
  1735 | D:3      | Reached XP level 7. HP: 64/66 MP: 6/6
  2233 | D:4      | Found a staircase to the Ecumenical Temple.
  2243 | Temple   | Entered the Ecumenical Temple
  2454 | D:5      | Entered Level 5 of the Dungeon
  2478 | D:5      | Reached skill level 7 in Unarmed Combat
  2478 | D:5      | Reached skill level 5 in Shapeshifting
  2559 | D:5      | Found The Oracle's Delphic Readings.
  2564 | D:5      | Bought a scroll of identify for 26 gold pieces
  2564 | D:5      | Bought a scroll of identify for 26 gold pieces
  2564 | D:5      | Bought a scroll of identify for 26 gold pieces
  2586 | D:5      | Reached XP level 8. HP: 66/78 MP: 7/7
  2679 | D:5      | Found a glowing drain.
  2695 | Sewer    | Entered a sewer
  2979 | D:5      | Reached skill level 8 in Unarmed Combat
  3097 | D:6      | Found a blossoming altar of Fedhas.
  3169 | D:6      | Found a broken altar of Ashenzari.
  3399 | D:6      | Found a bloodstained altar of Trog.
  3816 | D:7      | Found a runed translucent door.
  3817 | D:7      | Noticed Crazy Yiuf
  3832 | D:7      | Found Junlif's Armour Emporium.
  4017 | D:7      | Reached skill level 9 in Unarmed Combat
  4017 | D:7      | Reached XP level 9. HP: 87/87 MP: 8/8
  4031 | D:7      | Identified the +10 falchion "Omararoa" {heavy, Drain Fly
                  | rCorr Dex+3}
  4065 | D:7      | Reached skill level 5 in Fighting
  4325 | D:7      | Found a shadowy altar of Dithmenos.
  4585 | D:7      | Killed Crazy Yiuf
  4817 | D:8      | Found an opulent altar of Gozag.
  4851 | D:8      | Reached skill level 10 in Unarmed Combat
  5014 | D:8      | Found a hazy altar of Hepliaklqana.
  5014 | D:8      | Found a hide-covered altar of Uskayaw.
  5022 | D:8      | Found an iron altar of Okawaru.
  5025 | D:8      | Became a worshipper of Uskayaw the Reveller
  5029 | D:8      | Found a white marble altar of Elyvilon.
  5031 | D:8      | Found a snail-covered altar of Cheibriados.
  5110 | D:8      | Reached * piety under Uskayaw
  5116 | D:8      | Reached ** piety under Uskayaw
  5120 | D:8      | Reached *** piety under Uskayaw
  5403 | D:8      | Reached skill level 1 in Invocations
  5407 | D:8      | Reached **** piety under Uskayaw
  5736 | D:9      | Noticed Harold
  5748 | D:9      | Killed Harold
  5749 | D:9      | Reached XP level 10. HP: 79/98 MP: 10/10
  6001 | D:9      | Noticed a centaur warrior
  6009 | D:9      | Killed a centaur warrior
  6010 | D:9      | Reached skill level 11 in Unarmed Combat
  6093 | D:9      | Noticed kaychamo's ghost (novice DjSh)
  6121 | D:9      | Found a runed translucent door.
  6122 | D:9      | Noticed Maurice
  6139 | D:9      | Killed Maurice
  6140 | D:9      | Reached skill level 1 in Shields
  6159 | D:9      | Noticed Maggie
  6171 | D:9      | Killed Maggie
  6249 | D:9      | Noticed a centaur warrior
  6261 | D:9      | Killed a centaur warrior
  6285 | D:9      | Killed kaychamo's ghost
  6428 | D:9      | Reached XP level 11. HP: 80/107 MP: 13/13
  6482 | D:9      | Noticed Prince Ribbit
  6495 | D:9      | Killed Prince Ribbit
  6577 | D:9      | Noticed a tengu warrior
  6588 | D:9      | Killed a tengu warrior
  6960 | D:10     | Entered Level 10 of the Dungeon
  6975 | D:10     | Paralysed by a hornet for 1 turns
  7134 | D:10     | Reached skill level 5 in Invocations
  7158 | D:10     | Noticed Gastronok
  7186 | D:10     | Killed Gastronok
  7221 | D:10     | Found a staircase to the Lair.
  7244 | D:10     | Reached ***** piety under Uskayaw
  7462 | D:3      | Bought a ring of poison resistance for 240 gold pieces
  7720 | D:10     | Found an ornate altar of the Wu Jian Council.
  8003 | D:10     | Reached skill level 5 in Shields
  8059 | D:10     | Reached skill level 12 in Unarmed Combat
  8083 | D:10     | Identified the +2 robe of the Moon {Int+8}
  8317 | Lair:1   | Entered Level 1 of the Lair of Beasts
  8356 | Lair:1   | Noticed Grum
  8375 | Lair:1   | Killed Grum
  8393 | Lair:1   | Found a dark tunnel.
  8402 | Volcano  | Entered a volcano
  8473 | Volcano  | Reached XP level 12. HP: 65/118 MP: 15/15
  9411 | Lair:1   | Found the dreamshard necklace {Acrobat *Dream}
  9705 | Lair:2   | Reached ****** piety under Uskayaw
  9763 | Lair:2   | Noticed a death yak
  9788 | Lair:2   | Killed a death yak
  9826 | Lair:2   | Noticed Fannar
  9848 | Lair:2   | Killed Fannar
  9881 | Lair:2   | Found a frozen archway.
  9931 | IceCv    | Entered an ice cave
  9947 | IceCv    | HP: 2/120 [death yak simulacrum (13)]
  9950 | IceCv    | Found a transporter.
  9976 | IceCv    | Found a transporter.
  9998 | IceCv    | HP: 5/120 [ice statue] (6)]
 10005 | IceCv    | HP: 3/120 [ice beast[an ice statue] (7)]
 10008 | IceCv    | Engulfed by an ice statue's freezing vapour

Illustrated notes

Levels and vault maps discovered:
D:1:      dpeg_arrival_lava_altar, layout_rooms,
          shapermc_ecumenical_altar_flowoftime, minmay_tetromino_i2
D:2:      kennysheep_the_goblin_king, layout_basic, minmay_split_cup_small,
          uniq_terence, uniq_sigmund
D:3:      layout_rooms, nicolae_overflow_crystal_walls,
          nicolae_sif_muna_little_library, serial_shops, shop,
          nicolae_shop_behind_doors, nicolae_shop_crystal,
          kennysheep_generic_room_9
D:4:      layout_basic, minmay_temple_entry_antechambers
D:5:      layout_rooms, portal_sewer_entry_b, nicolae_nh_oracle_at_delphi
D:6:      layout_cave_pods, kennysheep_mini, cheibrodos_ashenzari_chains,
          mainiacjoe_overflow_catwalk, grunt_ministairs_3
D:7:      layout_basic, kennysheep_little_box, serial_shops,
          nicolae_shop_gibbet_a_chance, dk_noncrumbling_2,
          uniq_crazy_yiuf_cottage
D:8:      layout_loops_corners, chequers_temple_overflow_minitemple,
          lemuel_tele_altar
D:9:      layout_basic, hellmonk_ghost_big_iron, minmay_radiant, uniq_maggie,
          uniq_maurice, uniq_prince_ribbit1, uniq_harold
D:10:     layout_loops_ring, mainiacjoe_overflow_small_starburst,
          minmay_lair_entry_grove, hangedman_incinerator, uniq_gastronok
Temple:   nicolae_temple_ecumenical_triangle
Lair:1:   beast_lair_carwin_large_2, layout_regular_city, enter_volcano_1,
          uniq_grum
Lair:2:   layout_cave_shapes, minmay_swamp_entry_swarm,
          portal_ice_cave_demonic_guard, grunt_megastairs_2, uniq_amaemon,
          uniq_fannar
IceCv:    ice_cave_statue_garden_transporter

Skill      XL: |  1  2  3  4  5  6  7  8  9 10 11 12 |
---------------+-------------------------------------+-----
Fighting       | 1 2 3 4 6 7 8 |  8.2
Unarmed Combat | 4 5 6 7 9 10 11 12 | 12.7
Shapeshifting  | 4 5 6 7 8 9 |  9.4
Invocations    | 2 4 6 8 |  8.3
Shields        | 3 5 7 |  7.7
Dodging        | |  1.5

Action                     |  1- 3 |  4- 6 |  7- 9 | 10-12 || total
---------------------------+-------+-------+-------+-------++-------
  Melee: Unarmed           |    96 |   132 |   286 |   478 ||   992
         Punch             |     2 |     4 |    14 |       ||    20
  Throw: Dart              |       |       |       |     2 ||     2
 Invoke: Line Pass         |       |       |       |     3 ||     3
         Stomp             |       |       |       |     2 ||     2
  Evoke: Wand              |       |       |     2 |       ||     2
    Use: Potion            |       |     1 |       |    12 ||    13
         Scroll            |       |     5 |     9 |     2 ||    16
   Stab: Sleeping          |       |     1 |     2 |       ||     3
         Paralysed         |       |       |     8 |    28 ||    36
         Confused          |       |       |       |     2 ||     2
 Armour: Animal skin       |    67 |    87 |   151 |    39 ||   344
         Acid dragon scale |       |       |       |   188 ||   188
         Skin              |       |       |       |    27 ||    27
         Robe              |       |       |       |    39 ||    39
  Dodge: Dodged            |    46 |    69 |   150 |   147 ||   412
  Block: Kite shield       |       |       |       |   204 ||   204
         Form:             |       |       |     2 |       ||     2
         Beast             |       |       |     1 |     1 ||     2
         Flux              |       |       |     1 |       ||     1

Table legend: (Time is in decaauts)
 A = Elapsed time spent in this place.
 B = Non-inter-level travel time spent in this place.
 C = Inter-level travel time spent in this place.
 D = Time resting spent in this place.
 E = Time spent auto-exploring this place.
 F = Levels seen in this place.
 G = Mean time per level.
                   A        B        C        D        E       F      G
               +--------+--------+--------+--------+--------+-----+--------+
         Total |   9892 |   9234 |    658 |    626 |   6321 |  16 |  618.2 |
       Dungeon |   8160 |   7502 |    658 |    446 |   5461 |  10 |  816.0 |
        Temple |      1 |      1 |      0 |      0 |      0 |   1 |    1.0 |
          Lair |   1052 |   1052 |      0 |     28 |    611 |   2 |  526.0 |
         Sewer |     66 |     66 |      0 |      0 |     32 |   1 |   66.0 |
      Ice Cave |     73 |     73 |      0 |      0 |      0 |   1 |   73.0 |
       Volcano |    537 |    537 |      0 |    152 |    217 |   1 |  537.0 |
               +--------+--------+--------+--------+--------+-----+--------+

Top non-repeatable levels by time:
     D:9: 1313 daAuts
     D:8: 1098 daAuts
    D:10: 1013 daAuts
     D:7: 893 daAuts
     D:2: 822 daAuts
  Lair:1: 798 daAuts
     D:6: 717 daAuts
     D:3: 673 daAuts
     D:5: 593 daAuts
     D:4: 580 daAuts
 Volcano: 537 daAuts
     D:1: 454 daAuts
  Lair:2: 253 daAuts
   IceCv: 73 daAuts
   Sewer: 66 daAuts
